 Dungeon Crawl Stone Soup version 0.28-a0-1594-ga885d4b3d6 (webtiles) character file.

Game seed: 11914346444987408118

132 lunkers the Chopper (level 4, -7/37 HPs)
             Began as a Palentonga Fighter on Jan 21, 2022.
             Mangled by an ogre (10 damage)
             ... on level 3 of the Dungeon.
             The game lasted 00:03:29 (2258 turns).

lunkers the Chopper (Palentonga Fighter)            Turns: 2258, Time: 00:03:30

Health: -7/37      AC:  9    Str: 21    XL:     4   Next: 92%
Magic:  1/4        EV:  7    Int:  8    God:
Gold:   113        SH:  4    Dex: 10    Spells: 3/3 levels left

rFire   . . .      SeeInvis +   a - +0 war axe
rCold   + . .      Faith    .   c - +0 buckler
rNeg    . . .      Spirit   .   b - +0 scale mail
rPois   .          Reflect  .   (no helmet)
rElec   .          Harm     .   (no cloak)
rCorr   .          Rampage  .   l - +2 pair of gloves {infuse}
Will    .....                   (no barding)
Stlth   ..........              (no amulet)
HPRegen 0.12/turn               p - ring of protection from cold
MPRegen 0.09/turn               (no ring)

@: no status effects
A: large, rugged brown scales 3, see invisible, deformed body, roll 1, armoured
tail
a: Rolling Charge


You were on level 3 of the Dungeon.
You visited 1 branch of the dungeon, and saw 4 of its levels.

You collected 113 gold pieces.

Inventory:

Hand Weapons
 a - a +0 war axe (weapon)
Missiles
 o - a throwing net
Armour
 b - a +0 scale mail (worn)
 c - a +0 buckler (worn)
 l - a +2 pair of gloves of infusion (worn)
Jewellery
 p - a ring of protection from cold (left hand)
Scrolls
 f - a scroll of noise {unknown}
 h - 2 scrolls of identify {unknown}
 j - a scroll of blinking {unknown}
 k - a scroll of holy word {unknown}
 m - a scroll of vulnerability {unknown}
 n - a scroll of amnesia {unknown}
 q - a scroll of fear {unknown}
Potions
 d - a potion of might
 e - 5 potions of curing {unknown}
 g - a potion of degeneration {unknown}
 i - a potion of brilliance {unknown}


   Skills:
 - Level 3.0 Fighting
 * Level 5.2 Axes
 - Level 2.4 Armour
 - Level 2.4 Shields


You had 3 spell levels left.
You didn't know any spells.
Your spell library contained the following spells:

 Spells                   Type           Power      Damage    Failure   Level
 Olgreb's Toxic Radiance  Pois           0%         N/A       100%        4
 Ozocubu's Refrigeration  Ice            0%         4d5       100%        7
 Ignition                 Fire           0%         3d3       100%        8


Dungeon Overview and Level Annotations

Branches:
Dungeon (4/15)
 Temple: D:4-7

Altars:
Elyvilon
Makhleb
Vehumet
Zin

Annotations:
D:3 2 transporters, parzival7114810's ghost, amateur HOMo
D:4 Menkaure


Innate Abilities, Weirdness & Mutations

You are completely covered in rugged brown scales. (AC +3, +7% HP)
You have supernaturally acute eyesight. (SInv)
Armour fits poorly on your strangely shaped body.
You can roll at nearby foes to attack.
You have a long armoured tail.


Message History

q - a scroll labelled MYLO DEESTRINI No target in view!
No target in view!
Found a burning altar of Makhleb.
No target in view!
Found a glowing silver altar of Zin.
The angel shouts!
No reachable target in view!
No reachable target in view!
The green death roars!
There is a burning altar of Makhleb here.
An ogre comes into view. It is wielding a +0 giant club.
The ogre shouts!
You roll forward with a clatter of scales!
Found an emerald potion.
You hit the ogre.
The ogre is lightly wounded.
You hear a shout! x2
The ogre closely misses you.
You hit the ogre but do no damage.
The ogre is lightly wounded.
A kobold comes into view. It is wielding a +0 short sword.
The ogre barely misses you.
You barely miss the ogre.
The ogre is lightly wounded.
The ogre hits you with a +0 giant club!
Menkaure, Prince of Dust comes into view.
There is a stone staircase leading up here.
The ogre hits you with a +0 giant club!!
* * * LOW HITPOINT WARNING * * *
You climb upwards.
Level annotation: 2 transporters, parzival7114810's ghost, amateur HOMo
There is a stone staircase leading down here.
You hit the ogre.
The ogre is moderately wounded.
The ogre hits you with a +0 giant club!
* * * LOW HITPOINT WARNING * * *
You slash the ogre!
Your tail-slap misses the ogre.
The ogre is severely wounded.
The ogre hits you with a +0 giant club!
You die...

.########.####.#
#........####### .#
#.#....# #.######.#......
.## #.#.##.# #># #.#.#####
..# #.#.##.###.# #.#.#####
..# #..........# #......##
..# ##..####.### ###.##.##
..# ######..#.....######
♣♣♣♣.##
..###.÷.......##.......#
♣..♣.).
.......###......@......#
♣..††##
.........#..#.#.O......#
♣._..#
.......#÷#.............#
♣....#
...##.##.#..#.#........#
♣..♣##
...##.......#.....######
♣♣♣♣
...#####.#..#.#..#######
#.#
...##..................#
#.#
...##.##.##.#.#..##.##.###
#.#
...##.##.##......#.......#
#.#


You could see an ogre.

Vanquished Creatures
  An orc wizard (D:3)
  4 gnolls
  2 dart slugs
  4 orcs (D:3)
  5 ball pythons
  5 endoplasms
  2 giant cockroaches
  A goblin (D:3)
  9 hobgoblins
  8 jackals
  4 quokkas
  3 bats
  A frilled lizard (D:3)
  3 kobolds
  7 rats
59 creatures vanquished.

Notes
Turn   | Place    | Note
-------+----------+-------------------------------------------
     0 | D:1      | lunkers the Palentonga Fighter began the quest for the Orb.
     0 | D:1      | Reached XP level 1. HP: 19/19 MP: 1/1
   266 | D:1      | Reached XP level 2. HP: 21/25 MP: 2/2
   337 | D:1      | Reached skill level 3 in Axes
   596 | D:2      | Reached XP level 3. HP: 27/31 MP: 3/3
   648 | D:2      | Found a faded altar of an unknown god.
   648 | D:2      | Noticed a sixfirhy
  1106 | D:2      | Reached skill level 4 in Axes
  1275 | D:3      | Reached XP level 4. HP: 23/37 MP: 1/4
  1437 | D:3      | Reached skill level 5 in Axes
  1657 | D:3      | Found a white marble altar of Elyvilon.
  1732 | D:3      | Found a transporter.
  1735 | D:3      | Found a transporter.
  1735 | D:3      | Noticed parzival7114810's ghost (amateur HOMo)
  1735 | D:3      | Noticed an ogre
  1736 | D:3      | Noticed an ogre
  1737 | D:3      | Noticed an ogre
  1929 | D:3      | Found a radiant altar of Vehumet.
  2082 | D:3      | Identified the +0 robe of Beogh's Approval {rF+ MP+9 Str+7
                  | Int-3}
  2215 | D:4      | Found a burning altar of Makhleb.
  2220 | D:4      | Found a glowing silver altar of Zin.
  2220 | D:4      | Noticed an angel
  2221 | D:4      | Noticed a green death
  2242 | D:4      | Noticed an ogre
  2246 | D:4      | Noticed Menkaure
  2258 | D:3      | Mangled by an ogre

Illustrated notes

Levels and vault maps discovered:
D:1:      co_arrival_random_square_maze, layout_rooms, fountainhead, hex_medium
D:2:      layout_rooms, dreamdust_ecumenical_altar_sealed_demon,
          hangedman_decor_riveting, minmay_strange_pillars, minmay_surrounded
D:3:      layout_loops_cross, elyvilon_altar_5, mainiacjoe_overflow_alcove_1,
          gammafunk_ghost_smash
D:4:      layout_basic, grunt_temple_overflow_order_and_chaos_2,
          kennysheep_little_box, uniq_menkaure, uniq_duvessa

Skill      XL: |  1  2  3  4 |
---------------+-------------+-----
Axes           | 3 4 5 |  5.2
Fighting       | |  3.0
Armour         | |  2.4
Shields        | |  2.4

Action                   |  1- 3 |  4- 6 || total
-------------------------+-------+-------++-------
Melee: War axe           |    92 |    42 ||   134
       Tailslap          |     4 |     5 ||     9
 Abil: Rolling Charge    |    22 |    15 ||    37
Armor: Scale mail        |    37 |    17 ||    54
Dodge: Dodged            |    31 |     9 ||    40
Block: Buckler           |    11 |     4 ||    15

Table legend: (Time is in decaauts)
 A = Elapsed time spent in this place.
 B = Non-inter-level travel time spent in this place.
 C = Inter-level travel time spent in this place.
 D = Time resting spent in this place.
 E = Time spent auto-exploring this place.
 F = Levels seen in this place.
 G = Mean time per level.
                   A        B        C        D        E       F      G
               +--------+--------+--------+--------+--------+-----+--------+
         Total |   2304 |   2206 |     98 |    148 |   1755 |   4 |  576.0 |
       Dungeon |   2304 |   2206 |     98 |    148 |   1755 |   4 |  576.0 |
               +--------+--------+--------+--------+--------+-----+--------+

Top non-repeatable levels by time:
     D:3: 970 daAuts
     D:2: 680 daAuts
     D:1: 591 daAuts
     D:4: 63 daAuts
